 Dungeon Crawl Stone Soup version 0.21.1-1-g345015f (webtiles) character file.

17 Iko the Digger (level 2, 0/11 HPs)
             Began as a Felid Earth Elementalist on May 28, 2018.
             Slain by an adder (4 damage)
             ... on level 2 of the Dungeon.
             The game lasted 00:02:07 (207 turns).

Iko the Digger (Felid Earth Elementalist)            Turns: 207, Time: 00:02:08

Health: 0/11       AC:  1    Str:  4    XL:     2   Next: 44%
Magic:  0/6        EV: 18    Int: 16    God:
Gold:   37         SH:  0    Dex: 16    Spells: 4/5 levels left
                                        Lives:  0   Deaths: 0

rFire    . . .     SeeInvis +   (weapon unavailable)
rCold    . . .     Gourm    .   (shield unavailable)
rNeg     . . .     Faith    .   (armour unavailable)
rPois    .         Spirit   .   (helmet unavailable)
rElec    .         Reflect  .   (cloak unavailable)
rCorr    .         Harm     .   (gloves unavailable)
MR       .....                  (boots unavailable)
Stlth    +++.......             (no amulet)
HPRegen  0.03/turn              (no ring)
MPRegen  0.10/turn              (no ring)

@: quick
A: very small, no armour, no weapons or thrown items, stealth, claws 1, fangs 3,
see invisible, carnivore, speed 1, shaggy fur 1, slow metabolism 1, sharp paws
a: no special abilities


You were on level 2 of the Dungeon.
You were not hungry.

You visited 1 branch of the dungeon, and saw 2 of its levels.

You collected 37 gold pieces.

Inventory:

Missiles
 b - 25 stones
Potions
 a - a potion of lignification
Books
 d - a book of Geomancy

   Spells                             Type                      Level
   a - Sandblast                      Earth                        1
   b - Passwall                       Transmutation/Earth          2
   c - Stone Arrow                    Conjuration/Earth            3
   d - Petrify                        Transmutation/Earth          4
   e - Lee's Rapid Deconstruction     Earth                        5
Comestibles
 c - 2 rations


   Skills:
 + Level 2.9 Dodging
 + Level 3.0 Stealth
 + Level 2.2 Spellcasting
   Level 1.1 Transmutations
 + Level 3.1 Earth Magic


You had 4 spell levels left.
You knew the following spells:

 Your Spells              Type           Power        Failure   Level  Hunger
a - Sandblast             Erth           ##....       5%          1    #......


Dungeon Overview and Level Annotations

Branches:
Dungeon (2/15)

Altars:


Innate Abilities, Weirdness & Mutations

You cannot wear armour.
You are incapable of wielding weapons or throwing items.
Your paws allow you to move quietly. (Stealth)
You have sharp claws.
You have razor-sharp teeth.
You have supernaturally acute eyesight. (SInv)
You are carnivorous and can eat meat at any time.
You cover ground quickly.
You are covered in fur. (AC +1)
You have a slow metabolism.
Your sharp claws are effective at attacking unaware monsters.


Message History

Aiming: Sandblast
Press: ? - help, Shift-Dir - straight line, f - adder
Aim: an adder (lightly wounded)
The blast of sand misses the adder.
b - 25 stones The adder completely misses you.
The adder closely misses you.
A hobgoblin comes into view. It is wielding a club.
You completely miss the adder.
The hobgoblin shouts!
You bite the adder, but do no damage. The adder misses you.
You barely miss the adder. The adder completely misses you.
The kobold hits you but does no damage.
You scratch the adder.
The adder is lightly wounded.
The adder completely misses you. The kobold completely misses you.
The adder closely misses you.
You scratch the adder.
The adder is moderately wounded.
The kobold misses you. The adder bites you.
You die...

..
##......##.######....
#.#..#.#..##.# ###.#
#........<..# #.
###.#†#..#### #
#......# ###.##.# #.#
.# .######S##.#
....g.K@...#
####...........
#.####..#### ... ?.#
### ..# .# .#


You could see an adder, a hobgoblin and a kobold.

Vanquished Creatures
  An ooze (D:1)
  A worm (D:2)
  A goblin (D:1)
  3 jackals (D:2)
  A frilled lizard (D:2)
  3 kobolds
  A rat (D:1)
11 creatures vanquished.

Notes
Turn   | Place    | Note
-------+----------+-------------------------------------------
     0 | D:1      | Iko the Felid Earth Elementalist began the quest for the Orb.
     0 | D:1      | Reached XP level 1. HP: 7/7 MP: 4/4
   105 | D:1      | Reached XP level 2. HP: 4/11 MP: 4/6
   207 | D:2      | Slain by an adder

Skill      XL: |  1  2 |
---------------+-------+-----
Earth Magic    | 3 |  3.1
Stealth        | 3 |  3.0
Dodging        | |  2.9
Spellcasting   | |  2.2
Transmutations | |  1.1

Action                   || total
-------------------------++-------
Melee: Unarmed           ||    23
       Bite              ||     4
 Cast: Sandblast         ||    17
  Use: Scroll            ||     3
 Stab: Sleeping          ||     1
Armor: Skin              ||     1
Dodge: Dodged            ||    24
